 Dungeon Sprint DCSS version 0.24-a0-581-gc0fa660 (webtiles) character file.

Game seed: 10016920517966007492

123 Faca the Cleaver (level 5, -6/47 HPs)
             Began as a Formicid Fighter on Aug 22, 2019.
             Was a Follower of the Shining One.
             Mangled by a vault warden
             ... wielding a +0 battleaxe
              (13 damage)
             ... in the Dungeon (Sprint V: "Ziggurat Sprint").
             The game lasted 00:01:34 (152 turns).

Faca the Cleaver (Formicid Fighter)                  Turns: 152, Time: 00:01:34

Health: -6/47      AC: 16    Str: 33    XL:     5   Next: 28%
Magic:  5/5        EV:  7    Int:  8    God:    the Shining One [*.....]
Gold:   0          SH: 13    Dex: 10    Spells: 4/4 levels left

rFire    . . .     SeeInvis +   H - +5 broad axe
rCold    . . .     Gourm    .   J - +3 shield
rNeg     . . .     Faith    .   L - +5 storm dragon scales
rPois    .         Spirit   .   (helmet unavailable)
rElec    +         Reflect  .   (no cloak)
rCorr    .         Harm     .   (no gloves)
MR       .....                  (no boots)
Stlth    ..........             (no amulet)
HPRegen  0.15/turn              D - +6 ring of strength
MPRegen  0.09/turn              E - +6 ring of strength

@: lethally poisoned (-6 -> -13), glowing
A: permanent stasis, dig shafts and tunnels, four strong arms, antennae 3
a: Dig, Renounce Religion


You were in the Dungeon.
You worshipped the Shining One.
The Shining One was aware of your devotion.
You were not hungry.

You visited 1 branch

Inventory:

Hand Weapons
 G - a +5 battleaxe
 H - a +5 broad axe (weapon)
 I - a +5 executioner's axe
Armour
 a - a +3 large shield
 F - the +15 Maxwell's patent armour {-Cast -Tele rElec MR+ rCorr}
   (You found it in the Dungeon)

   It insulates you from electricity.
   It affects your resistance to hostile enchantments.
   It prevents spellcasting.
   It prevents most forms of teleportation.
   It provides partial protection from all sources of acid and corrosion.
 J - a +3 shield (worn)
 K - +5 gold dragon scales
 L - +5 storm dragon scales (worn)
Jewellery
 y - an uncursed ring of flight
 z - a +6 ring of dexterity
 D - a +6 ring of strength (left hand)
 E - a +6 ring of strength (right hand)
Wands
 v - a wand of disintegration (7)
 w - a wand of iceblast (7)
 x - a wand of acid (7)
Scrolls
 o - 4 scrolls of amnesia
 q - 7 scrolls of fog
 r - a scroll of holy word
 s - 5 scrolls of identify
 t - 5 scrolls of remove curse
 u - 2 scrolls of fear
Potions
 d - 6 potions of might
 e - 10 potions of curing
 g - 7 potions of heal wounds
 i - 7 potions of magic
 l - 2 potions of brilliance
 n - 4 potions of resistance
 p - 5 potions of agility
Comestibles
 f - 7 rations


   Skills:
 + Level 6.9 Fighting
 + Level 9.5 Axes
 - Level 3.2 Armour
 - Level 3.6 Shields


You had 4 spell levels left.
You didn't know any spells.
Your spell library was empty.

Dungeon Overview and Level Annotations

Branches:
Dungeon (1/1)

Altars:
Ashenzari
Cheibriados
Dithmenos
Elyvilon
Fedhas
Gozag
Hepliaklqana
Kikubaaqudgha
Makhleb
Nemelex Xobeh
Okawaru
Qazlal
Ru
Sif Muna
Trog
Uskayaw
Vehumet
Wu Jian
Xom
Yredelemnul
Zin
The Shining One
Beogh
Jiyva
Lugonu

Annotations:
D 1 transporter


Innate Abilities, Weirdness & Mutations

You cannot be hasted, slowed, berserked, paralysed or teleported.
You can dig through walls and to a lower floor.
Your four strong arms can wield two-handed weapons with a shield.
You have a pair of large antennae on your head. (SInv)


Message History

The orc knight hits you with a +0 broad axe!
* * * LOW HITPOINT WARNING * * *
The meliai hits you.
* * * LOW HITPOINT WARNING * * *
You block the meliai's attack.
The vault warden hits you with a +0 battleaxe!
* * * LOW HITPOINT WARNING * * *
You feel much better. The meliai hits you. The meliai stings you.
You block the meliai's attack. The meliai barely misses you.
The orc knight hits you with a +0 broad axe!
The vault warden hits you but does no damage.
Your shield and storm dragon scales prevent you from hitting the vault warden.
The vault warden is heavily wounded.
You hit the orc knight. You barely miss the meliai.
You feel sick. The meliai hits you!
* * * LOW HITPOINT WARNING * * *
You block the meliai's attack. The meliai hits you but does no damage.
You block the meliai's attack.
The vault warden hits you with a +0 battleaxe!
You die...

▓▓▓▓▓▓▓▓▓▓▓▓▓
▓.8©8.▓.8©8.▓
{{{
▓.[:..▓.....▓
{
▓.....▓.}.|.▓
▓.....▓.....▓
▓.....▓.....▓
▓ypo..▓..©..▓
▓.@©..▓▓▓▓▓▓▓
▓▓▓▓▓▓▓ {{{
{{{ { { {


You could see a vault warden, an orc knight and a meliai.

Vanquished Creatures
  An eye of draining (D)
  A jelly (D)
2 creatures vanquished.

Notes
Turn   | Place    | Note
-------+----------+-------------------------------------------
     0 | D        | Faca the Formicid Fighter began the quest for the Orb.
     0 | D        | Reached XP level 1. HP: 18/18 MP: 1/1
     0 | D        | Found a shimmering blue altar of Sif Muna.
     0 | D        | Found a sacrificial altar of Ru.
     0 | D        | Found a bloodstained altar of Trog.
     0 | D        | Found a stormy altar of Qazlal.
     0 | D        | Found an iron altar of Okawaru.
     0 | D        | Found a sparkling altar of Nemelex Xobeh.
     0 | D        | Found a blossoming altar of Fedhas.
     1 | D        | Found the +6 Majin-Bo {vamp, Archmagi MP+6 Int+6}
     1 | D        | Found the +7 great mace "Firestarter" {inner flame, rF++}
     2 | D        | Reached skill level 7 in Axes
     2 | D        | Reached XP level 2. HP: 24/24 MP: 2/2
     3 | D        | Found a transporter.
     3 | D        | Found an ancient bone altar of Kikubaaqudgha.
     3 | D        | Found a viscous altar of Jiyva.
     3 | D        | Found a corrupted altar of Lugonu.
     3 | D        | Found a hazy altar of Hepliaklqana.
     3 | D        | Found a burning altar of Makhleb.
     3 | D        | Found an opulent altar of Gozag.
    19 | D        | Found the +9 heavy crossbow "Sniper" {velocity, Acc+∞ SInv}
    19 | D        | Found the +10 dark maul {crush}
    19 | D        | Found the +15 Maxwell's patent armour {-Cast -Tele rElec
                  | MR+ rCorr}
    19 | D        | Found the +18 shield of the Gong {rElec rN+ MR+ EV-5}
    19 | D        | Found the cursed +14 obsidian axe {chop, +Fly SInv *Curse}
    61 | D        | Became a worshipper of the Shining One
    81 | D        | Entered arena 2.
    81 | D        | Noticed an eye of draining
    81 | D        | Found a transporter.
    85 | D        | Reached skill level 8 in Axes
    85 | D        | Reached XP level 3. HP: 24/31 MP: 0/3
    87 | D        | Killed an eye of draining
    87 | D        | Reached skill level 9 in Axes
    87 | D        | Reached XP level 4. HP: 32/41 MP: 0/4
    87 | D        | Reached XP level 5. HP: 37/47 MP: 0/5
   142 | D        | Entered arena 3.
   142 | D        | Noticed an orc knight
   142 | D        | Noticed a meliai
   142 | D        | Reached * piety under the Shining One
   142 | D        | Noticed a vault warden
   142 | D        | Found a transporter.
   150 | D        | HP: 2/47 [vault warden/+0 battleaxe (7)]
   152 | D        | Mangled by a vault warden

Levels and vault maps discovered:
D:        sprint_v [room_start, room_1, room_2, room_3, room_4, room_5, room_6,
          room_7, room_8, room_9, room_10, room_11, room_12, room_13, room_14,
          room_15, room_16, room_17, room_18, room_19, room_20, room_21,
          room_22, room_23, room_24, room_25, room_26, room_27]

Skill      XL: |  1  2  3 |
---------------+----------+-----
Axes           | 7 8 9 |  9.5
Fighting       | 4 6 |  6.9
Armour         | |  3.2
Shields        | |  3.6

Action                   |  1- 3 |  4- 6 || total
-------------------------+-------+-------++-------
Melee: Broad axe         |     5 |     6 ||    11
  Use: Potion            |     1 |     3 ||     4
Armor: Storm dragon scal |     2 |    13 ||    15
Dodge: Dodged            |       |     6 ||     6
Block: Shield            |     1 |    15 ||    16

Table legend:
 A = Non-vault XP
 B = Vault XP
 C = Vault XP percentage of total XP
 D = Non-vault monster count
 E = Vault monster count
 F = Vault count percentage of total count
                 A         B        C        D         E       F
            +---------+---------+-------+---------+---------+-------
      Total |       0 |     167 | 100.0 |       0 |       2 | 100.0
            +---------+---------+-------+---------+---------+-------
          D |       0 |     167 | 100.0 |       0 |       2 | 100.0
            +---------+---------+-------+---------+---------+-------
